 Dungeon Crawl Stone Soup version 0.21.1-1-g345015fe64 (webtiles) character file.

16067 Snake the Cleaver (level 12, -9/103 HPs)
             Began as a Purple Draconian Berserker on Mar 27, 2018.
             Was a High Priest of Trog.
             Mangled by a soul eater (20 damage)
             ... summoned by an orc high priest
             ... on level 2 of the Orcish Mines.
             The game lasted 01:43:26 (12612 turns).

Snake the Cleaver (Purple Draconian Berserker)     Turns: 12612, Time: 01:43:27

Health: -9/103     AC: 12    Str: 21      XL:     12   Next: 6%
Magic:  0/13       EV: 14    Int:  7      God:    Trog [*****.]
Gold:   1208       SH: 16    Dex: 14 (15) Spells: 11/11 levels left

rFire    . . .     SeeInvis .   g - +5 hand axe (flame)
rCold    . . .     Gourm    .   p - +0 large shield
rNeg     . . .     Faith    .   (armour unavailable)
rPois    .         Spirit   +   (helmet restricted)
rElec    +         Reflect  .   I - scarf {Spirit}
rCorr    +         Harm     .   s - +1 pair of gloves
MR       ++++.                  r - +1 pair of boots
Stlth    +++.......             (no amulet)
HPRegen  1.27/turn              E - ring of resist corrosion
MPRegen  0.13/turn              F - ring of protection from magic

@: berserk cooldown, regenerating, slowed, drained, very slow
A: breathe power, unfitting armour, deterioration 1, electricity resistance,
cold-blooded, AC +8
a: Breathe Dispelling Energy, Berserk, Trog's Hand, Brothers in Arms, Burn
Spellbooks, Renounce Religion


You were on level 2 of the Orcish Mines.
You worshipped Trog.
Trog was extremely pleased with you.
You were not hungry.

You visited 2 branches of the dungeon, and saw 12 of its levels.

You collected 1208 gold pieces.

Inventory:

Hand Weapons
 g - a +5 hand axe of flaming (weapon)
 u - a +0 broad axe
 C - a +1 flail of holy wrath
Armour
 p - a +0 large shield (worn)
 r - a +1 pair of boots (worn)
 s - a +1 pair of gloves (worn)
 I - a scarf of spirit shield (worn)
Jewellery
 E - a ring of resist corrosion (left hand)
 F - a ring of protection from magic (right hand)
Wands
 h - a wand of scattershot (5)
 i - a wand of iceblast (1) {i}
 o - a wand of flame (73)
 B - a wand of polymorph (14)
 D - a wand of disintegration (29)
Scrolls
 a - a scroll of magic mapping
 j - 3 scrolls of remove curse
 q - 2 scrolls of teleportation
 v - a scroll of enchant armour
 y - a scroll of blinking
 A - 2 scrolls of immolation
 H - a scroll of identify
Potions
 d - 2 potions of agility
 n - a potion of heal wounds
 t - 2 potions of magic
 w - 2 potions of might
 x - a potion of resistance
Books
 e - the Papyrus of the Dusty Traveller
   (You found it on level 1 of the Orcish Mines)

   Spells                             Type                      Level
   a - Sandblast                      Earth                        1
   b - Apportation                    Translocation                1
   c - Blink                          Translocation                2
   d - Malign Gateway                 Summoning/Translocation      7
   e - Shatter                        Earth                        9
   Trog disapproves of the use of such an item.
Comestibles
 b - 21 rations


   Skills:
 + Level 8.9(8.5) Fighting
 + Level 12.4(11.9) Axes
 * Level 9.2(8.7) Dodging
 - Level 5.0(4.5) Stealth
 - Level 7.8(7.4) Shields
 - Level 2.0(1.6) Unarmed Combat
 - Level 1.4(1.0) Evocations


You had 11 spell levels left.
You didn't know any spells.

Dungeon Overview and Level Annotations

Branches:
Dungeon (10/15)            Temple (0/1) D:7             Orc (2/2) D:10
    Elf (0/3) Orc:2
   Lair: D:8-11

Altars:
Gozag
Makhleb
Okawaru
Qazlal
Sif Muna
Trog
Xom
Yredelemnul
Zin

Shops:
D:4 *   D:6 [   D:10 *   Orc:2 (?


Innate Abilities, Weirdness & Mutations

You can breathe bolts of dispelling energy.
Your rich purple scales are hard. (AC +8)
You cannot fit into any form of body armour.
You are cold-blooded and may be slowed by cold attacks.
Your body sometimes deteriorates upon taking damage.
You are resistant to electric shocks. (rElec)


Message History

The orc sorcerer points at you and mumbles some strange words.
The bolt of fire hits you!
* * * LOW HITPOINT WARNING * * *
Your body deteriorates!
You feel clumsy.
You hear a shout! x2
An orc knight comes into view. It is wielding an enchanted long sword.
You are no longer berserk.
You are exhausted.
You feel yourself slow down.
The orc knight shouts!
You hear a shout! x2
The hellwing misses you. The hellwing hits you.
* * * LOW HITPOINT WARNING * * *
The orc knight roars a battlecry!
The orc priest goes into a battle-frenzy!
The orc sorcerer no longer looks unusually strong.
The hellwing hits you but does no damage.
You block the hellwing's attack.
The orc high priest intones a terrible prayer.
The soul eater hits you!!
You die...

#..........#..#.#..###
###....
#.........#........#
#......
##................##
##......
###.#........#...#
#.......
###.......###.##
#....... ##.###### ###
##...... ######.######
#.......
#...........###
##......
...####.####.@.##
##..... #.######3.##
##.... #.#...###4.#
##.#. #.#..o..##.#
###. #.#o...o.#o# ##
... #ooo.# # .. ##3o##
# #o4# #### .o.4# #...


You could see a soul eater, an orc high priest and a hellwing.

Vanquished Creatures
  Erolcha (Orc:1)
  2 two-headed ogres
  An orc high priest (Orc:2)
  Pikel (D:5)
  2 orc knights (Orc:2)
  A manticore (D:9)
  An orc sorcerer (Orc:2)
  An ugly thing (D:10)
  Joseph (D:10)
  The ghost of DildoBatman the Skirmisher, a novice FoEn of Ashenzari (D:7)
  A gargoyle (D:10)
  A queen bee (D:10)
  A troll (Orc:1)
  Grinder (D:5)
  A hippogriff (D:9)
  2 wyverns
  A hungry ghost (D:10)
  Eustachio (D:4)
  A steam dragon (D:9)
  Menkaure (D:5)
  Edmund (D:5)
  14 two-headed ogre zombies (Orc:1)
  3 wargs
  10 orc warriors
  A black bear (D:6)
  4 ice beasts
  8 ogres
  3 phantoms
  A necrophage (D:9)
  4 centaurs
  A big kobold (D:9)
  Blork the orc (D:4)
  A wyvern zombie (D:10)
  2 bullfrogs
  A wyvern skeleton (D:10)
  29 killer bees
  3 wights (D:6)
  An electric eel (Orc:1)
  A centaur zombie (D:10)
  5 crimson imps
  A bullfrog zombie (D:10)
  15 orc priests
  2 gnoll shamans (D:4)
  3 hounds
  14 orc wizards
  Crazy Yiuf (D:2)
  A centaur skeleton (D:4)
  Jessica (D:2)
  3 iguanas
  8 worker ants
  A hound skeleton (D:10)
  12 gnolls
  9 adders
  2 oozes
  2 adder skeletons
  5 worms
  A dart slug (D:1)
  3 leopard geckos
  48 orcs
  5 giant cockroaches
  2 gnoll zombies (D:5)
  13 goblins
  11 hobgoblins
  14 jackals
  4 quokkas
  6 bats
  5 frilled lizards
  A jackal skeleton (D:4)
  A kobold (D:3)
  5 rats
316 creatures vanquished.

Notes
Turn   | Place    | Note
-------+----------+-------------------------------------------
     0 | D:1      | Snake the Draconian Berserker began the quest for the Orb.
     0 | D:1      | Reached XP level 1. HP: 19/19 MP: 1/1
    79 | D:1      | Reached XP level 2. HP: 24/26 MP: 2/2
   482 | D:1      | Reached ** piety under Trog
   482 | D:1      | Reached XP level 3. HP: 29/33 MP: 3/3
  1032 | D:2      | Noticed Jessica
  1039 | D:2      | Killed Jessica
  1039 | D:2      | Reached XP level 4. HP: 40/40 MP: 4/4
  1149 | D:2      | Found a bloodstained altar of Trog.
  1253 | D:2      | Found a runed door.
  1257 | D:2      | Noticed Crazy Yiuf
  1261 | D:2      | Killed Crazy Yiuf
  1261 | D:2      | Reached skill level 4 in Axes
  1814 | D:3      | Reached XP level 5. HP: 47/47 MP: 5/5
  2445 | D:4      | Noticed Blork the orc
  2471 | D:4      | Reached XP level 6. HP: 53/53 MP: 6/6
  2474 | D:4      | Killed Blork the orc
  2474 | D:4      | Reached skill level 5 in Axes
  2477 | D:4      | Reached *** piety under Trog
  2553 | D:4      | Reached skill level 1 in Shields
  2816 | D:4      | Noticed Eustachio
  2828 | D:4      | Killed Eustachio
  2828 | D:4      | Reached skill level 5 in Fighting
  2828 | D:4      | Reached skill level 1 in Stealth
  2828 | D:4      | Your scales start taking on a rich purple colour.
  2828 | D:4      | Reached XP level 7. HP: 61/61 MP: 7/7
  3142 | D:4      | Reached skill level 6 in Axes
  3267 | D:4      | Found an opulent altar of Gozag.
  3268 | D:4      | Found Gozag's Platinum Reserve.
  3491 | D:5      | Entered Level 5 of the Dungeon
  3533 | D:5      | Found a stormy altar of Qazlal.
  3709 | D:5      | Noticed Menkaure
  3713 | D:5      | Reached XP level 8. HP: 69/69 MP: 8/8
  3723 | D:5      | Killed Menkaure
  3723 | D:5      | Reached skill level 7 in Axes
  4057 | D:5      | Noticed Edmund
  4072 | D:5      | Killed Edmund
  4097 | D:5      | Noticed Grinder
  4103 | D:5      | Killed Grinder
  4103 | D:5      | Reached skill level 5 in Dodging
  4135 | D:5      | Found a basalt altar of Yredelemnul.
  4337 | D:5      | Noticed Pikel
  4344 | D:5      | Killed Pikel
  4344 | D:5      | Reached skill level 8 in Axes
  4511 | D:6      | Reached XP level 9. HP: 75/75 MP: 9/9
  4546 | D:6      | Reached **** piety under Trog
  4610 | D:6      | Found Oliorphuu's Armour Shoppe.
  4834 | D:6      | Found a burning altar of Makhleb.
  4921 | D:6      | Reached skill level 5 in Shields
  4929 | D:6      | Found an iron altar of Okawaru.
  5734 | D:7      | Found a staircase to the Ecumenical Temple.
  5752 | D:7      | Noticed DildoBatman's ghost (novice FoEn)
  5763 | D:7      | Killed DildoBatman's ghost
  5763 | D:7      | Reached skill level 9 in Axes
  6637 | D:8      | Found a deep blue altar of Sif Muna.
  6694 | D:8      | Noticed a two-headed ogre
  6701 | D:8      | Killed a two-headed ogre
  7081 | D:8      | Reached XP level 10. HP: 84/84 MP: 10/10
  7223 | D:8      | Found a glowing silver altar of Zin.
  7364 | D:9      | Reached skill level 1 in Evocations
  7601 | D:9      | Noticed a manticore
  7694 | D:9      | Killed a manticore
  7694 | D:9      | Reached skill level 10 in Axes
  8501 | D:10     | Entered Level 10 of the Dungeon
  8536 | D:10     | Found Dazxoum's General Store.
  8545 | D:10     | Noticed a white ugly thing
  8558 | D:10     | Killed a white ugly thing
  8819 | D:10     | Noticed a gargoyle
  8828 | D:10     | Killed a gargoyle
  9315 | D:10     | Reached ***** piety under Trog
  9364 | D:10     | Reached XP level 11. HP: 92/92 MP: 12/12
  9383 | D:10     | Reached skill level 1 in Unarmed Combat
  9391 | D:10     | Noticed Joseph
  9397 | D:10     | Found a staircase to the Orcish Mines.
  9410 | D:10     | Killed Joseph
  9418 | D:10     | Reached skill level 5 in Stealth
  9491 | D:10     | Found a shimmering altar of Xom.
  9688 | D:10     | Reached skill level 11 in Axes
 10157 | Orc:1    | Entered Level 1 of the Orcish Mines
 10570 | Orc:1    | Gained mutation: Your body sometimes deteriorates upon taking damage. [potion of mutation]
 10570 | Orc:1    | Gained mutation: You are resistant to electric shocks. (rElec) [potion of mutation]
 11082 | Orc:1    | Noticed a two-headed ogre
 11118 | Orc:1    | Killed a two-headed ogre
 11354 | Orc:1    | Noticed Erolcha
 11360 | Orc:1    | Killed Erolcha
 11370 | Orc:1    | Reached skill level 12 in Axes
 11501 | Orc:1    | Identified the Papyrus of the Dusty Traveller
 11538 | Orc:2    | Entered Level 2 of the Orcish Mines
 11539 | Orc:2    | Found a staircase to the Elven Halls.
 12017 | Orc:2    | Noticed an orc sorcerer
 12027 | Orc:2    | Killed an orc sorcerer
 12110 | Orc:2    | Noticed an orc high priest
 12135 | Orc:2    | Killed an orc high priest
 12473 | Orc:2    | Found Xasuxes's Antique Weapon Boutique.
 12579 | Orc:2    | Found Jeipt's Magic Scroll Boutique.
 12580 | Orc:2    | Noticed an orc knight
 12581 | Orc:2    | Noticed an orc knight
 12582 | Orc:2    | Noticed an orc sorcerer
 12583 | Orc:2    | Noticed an orc high priest
 12585 | Orc:2    | Noticed an orc sorcerer
 12597 | Orc:2    | Noticed a soul eater
 12600 | Orc:2    | Killed an orc knight
 12600 | Orc:2    | Reached XP level 12. HP: 41/103 MP: 3/13
 12601 | Orc:2    | Received a gift from Trog
 12602 | Orc:2    | Noticed an orc high priest
 12606 | Orc:2    | HP: 3/154 [orc sorcerer/bolt of fire (24)]
 12612 | Orc:2    | Mangled by a soul eater

Skill      XL: |  1  2  3  4  5  6  7  8  9 10 11 |
---------------+----------------------------------+-----
Dodging        | 3 4 5 6 7 9 |  9.2
Fighting       | 4 5 6 7 8 |  8.9
Axes           | 4 5 6 8 9 10 12 | 12.4
Shields        | 1 2 4 6 7 |  7.8
Stealth        | 1 2 4 5 |  5.0
Evocations     | 1 |  1.4
Unarmed Combat | 2 |  2.0

Action                   |  1- 3 |  4- 6 |  7- 9 | 10-12 || total
-------------------------+-------+-------+-------+-------++-------
Melee: Hand axe          |    73 |    99 |   189 |   541 ||   902
       Tailslap          |     8 |    11 |    26 |    94 ||   139
Invok: Berserk           |     2 |     4 |    11 |    20 ||    37
       Trog's Hand       |       |       |     1 |     6 ||     7
       Burn Spellbooks   |       |       |       |     2 ||     2
 Abil: Breathe Dispellin |       |       |       |     1 ||     1
Evoke: Wand              |       |       |     3 |     4 ||     7
  Use: Potion            |     2 |     2 |     6 |     9 ||    19
       Scroll            |     2 |     6 |     9 |     5 ||    22
 Stab: Sleeping          |       |       |     2 |     1 ||     3
  Eat: Chunk             |     2 |     9 |    13 |    17 ||    41
       Ration            |       |       |     3 |     7 ||    10
Armor: Skin              |    45 |    17 |    33 |   119 ||   214
Dodge: Dodged            |    73 |    31 |    32 |   221 ||   357
Block: Large shield      |       |    26 |   117 |   494 ||   637
